 Dungeon Crawl Stone Soup version 0.31-a0-986-g5e6e4ef867 (webtiles) character file.

Game seed: 17682140514227360305

56 wildpjah the Grasshopper (level 3, -2/21 HPs)
             Began as a Tengu Warper on Nov 18, 2023.
             Slain by Robin
             ... wielding a +0 spear
              (3 damage)
             ... on level 2 of the Dungeon.
             The game lasted 00:01:45 (882 turns).

wildpjah the Grasshopper (Tengu Warper)              Turns: 882, Time: 00:01:47

Health: -2/21      AC:  3    Str: 11    XL:     3   Next: 95%
Magic:  7/7        EV: 12    Int: 13    God:
Gold:   108        SH:  0    Dex: 15    Spells: 6/6 levels left

rFire   . . .        a - +0 falchion
rCold   . . .        (no shield)
rNeg    . . .        b - +0 leather armour
rPois   .            (helmet restricted)
rElec   .            (no cloak)
rCorr   .            (no gloves)
SInv    .            (boots unavailable)
Will    .....        (no amulet)
Stlth   +            (no ring)
HPRegen 0.23/turn    (no ring)
MPRegen 0.10/turn

%: acrobat
@: no status effects
A: beak, talons 3, acrobatic
a: no special abilities


You were on level 2 of the Dungeon.
You visited 1 branch of the dungeon, and saw 2 of its levels.

You collected 108 gold pieces.

Inventory:

Hand Weapons
 a - a +0 falchion (weapon)
Missiles
 d - 7 darts of dispersal (quivered)
Armour
 b - a +0 leather armour (worn)
Jewellery
 g - an amulet of regeneration
Scrolls
 c - 2 scrolls of blinking
 e - a scroll of poison {unknown}
Potions
 f - a potion of curing {unknown}


   Skills:
 + Level 2.1 Fighting
 + Level 2.9 Long Blades
 + Level 1.0 Throwing
 + Level 1.4 Armour
 + Level 2.4 Dodging
 + Level 2.3 Spellcasting
 + Level 3.0 Translocations


You had 6 spell levels left.
You didn't know any spells.
Your spell library contained the following spells:

 Spells                   Type           Power      Damage    Failure   Level
 Blink                    Tloc           18%        N/A       14%         2
 Lesser Beckoning         Tloc           18%        N/A       14%         2
 Teleport Other           Tloc           9%         N/A       26%         3
 Manifold Assault         Tloc           9%         N/A       65%         4
 Vhi's Electric Charge    Tloc/Air       10%        N/A       86%         4


Dungeon Overview and Level Annotations

Branches:
Dungeon (2/15)

Altars:

Annotations:
D:2 Robin


Innate Abilities, Weirdness & Mutations

You have a beak for a mouth.
You have claws for feet.
You can magically evade attacks while moving or waiting.


Message History

The goblin unwields a +0 sling.
The goblin wields a +0 club.
The goblin hits you but does no damage.
Robin hits you from afar with a +0 spear.
The goblin attacks as it pursues you! The goblin hits you with a +0 club.
Robin throws the goblin at you!
You hit the goblin. You claw the goblin.
You kill the goblin!
The goblin no longer looks unusually strong.
The goblin closely misses you.
Robin roars a battlecry!
The goblin goes into a battle-frenzy!
You hear a shout!
Things that are here:
a +0 club; a goblin corpse You hit the goblin but do no damage.
Your peck misses the goblin. The goblin closely misses you.
You slash the goblin!
You kill the goblin!
You hit the ball python.
You kill the ball python!
Robin closely misses you.
A hobgoblin comes into view.
The goblin barely misses you.
You barely miss the goblin.
The goblin is moderately wounded.
Robin throws the goblin at you! The goblin barely misses you.
You barely miss the hobgoblin.
You claw the hobgoblin, but do no damage.
Robin closely misses you. The hobgoblin hits you.
The goblin closely misses you.
Robin hits you from afar with a +0 spear.
* * * LOW HITPOINT WARNING * * *
You barely miss the hobgoblin.
You claw the hobgoblin, but do no damage.
The hobgoblin hits you but does no damage.
The goblin hits you with a +0 club.
* * * LOW HITPOINT WARNING * * *
Robin hits you from afar with a +0 spear.
You die...
Robin lets out a smug laugh.

..!..........<....############
.........|....## ............#
..............# #>........#
.............####.###........#
............S...(............#
......gg.....####..##........#
##..g.##..##g### #...........#
#....#..###.)g######......<##
#......## ###)g@g.##.......#
#...#.# #####.........##
#.$.#. #####.....## . ##
#.......# #.......# #.......#
##.....## ##...## #####


You could see Robin, 2 hobgoblins and a goblin (strong).

Vanquished Creatures
  Jessica (D:2)
  3 ball pythons
  4 bats (D:1)
  An endoplasm (D:1)
  A giant cockroach (D:1)
  10 goblins
  4 hobgoblins (D:2)
  2 rats (D:1)
26 creatures vanquished.

Notes
Turn   | Place    | Note
-------+----------+-------------------------------------------
     0 | D:1      | wildpjah the Tengu Warper began the quest for the Orb.
     0 | D:1      | Reached XP level 1. HP: 12/12 MP: 4/4
   223 | D:1      | Reached XP level 2. HP: 16/17 MP: 6/6
   782 | D:2      | Noticed Jessica
   813 | D:2      | Killed Jessica
   814 | D:2      | Reached skill level 3 in Translocations
   814 | D:2      | Reached XP level 3. HP: 13/21 MP: 7/7
   853 | D:2      | Noticed Robin
   882 | D:2      | HP: 1/21 [goblin/+0 club[Robin] (5)]
   882 | D:2      | Slain by Robin

Illustrated notes

Levels and vault maps discovered:
D:1:      dpeg_arrival_houses_and_road, layout_basic
D:2:      layout_rooms, uniq_robin, uniq_jessica

Skill      XL: |  1  2 |
---------------+-------+-----
Translocations | 3 |  3.0
Fighting       | |  2.1
Long Blades    | |  2.9
Throwing       | |  1.0
Armour         | |  1.4
Dodging        | |  2.4
Spellcasting   | |  2.3

Action                     || total
---------------------------++-------
  Melee: Falchion          ||    58
         Peck              ||     5
         Kick              ||     7
 Armour: Leather armour    ||    35
  Dodge: Dodged            ||    47

Table legend: (Time is in decaauts)
 A = Elapsed time spent in this place.
 B = Non-inter-level travel time spent in this place.
 C = Inter-level travel time spent in this place.
 D = Time resting spent in this place.
 E = Time spent auto-exploring this place.
 F = Levels seen in this place.
 G = Mean time per level.
                   A        B        C        D        E       F      G
               +--------+--------+--------+--------+--------+-----+--------+
         Total |    897 |    880 |     17 |      6 |    709 |   2 |  448.5 |
       Dungeon |    897 |    880 |     17 |      6 |    709 |   2 |  448.5 |
               +--------+--------+--------+--------+--------+-----+--------+

Top non-repeatable levels by time:
     D:1: 755 daAuts
     D:2: 142 daAuts
